[Event "*** Titled Tuesday Blitz"]
[Site "Chess.com"]
[Date "2018.09.04"]
[Round "1"]
[White "Kurai"]
[Black "DanielNaroditsky"]
[Result "0-1"]
[WhiteElo "2458"]
[BlackElo "2973"]
[TimeControl "180+2"]
[EndTime "13:42:44 PDT"]
[Termination "DanielNaroditsky won by resignation"]

1. e4 e5 2. Nf3 Nc6 3. Bb5 a6 4. Ba4 Nf6 5. O-O Be7 6. Re1 b5 7. Bb3 d6 8. c3 O-O 9. h3 Na5 10. Bc2 c5 11. d4 Nd7 12. Nbd2 exd4 13. cxd4 Nc6 14. Nf1 cxd4 15. Nxd4 Nxd4 16. Qxd4 Ne5 17.
Rb1 Bxh3 18. f4 Nc6 19. Qf2 Be6 20. a3 Bh4 21. g3 Bf6 22. Be3 Re8 23. Rbd1 Qc7 24.
e5 dxe5 25. f5 Bc4 26. g4 e4 27. Ng3 Ne5 28. Bf4 Rad8 29. Nxe4 Bh4 30. Bg3 Bxg3 31. Qxg3 f6 32. g5 fxg5 33. f6 Qb6+ 34. Kh1 gxf6 35. Rxd8 Qxd8 36. Nxg5 fxg5 37. Rxe5 Rxe5 38.
Qxe5 Qd5+ 39. Qxd5+ Bxd5+ 40. Kh2 Kg7 41. Kg3 h5 42. Bd1 Kg6 43. Bc2+ Kf6 44. Bd1 h4+ 45. Kg4 Be6+ 0-1

[Event "*** Titled Tuesday Blitz"]
[Site "Chess.com"]
[Date "2018.09.04"]
[Round "1"]
[White "Sanan_Sjugirov"]
[Black "GhostOfGreenval"]
[Result "1-0"]
[WhiteElo "2877"]
[BlackElo "2455"]
[TimeControl "180+2"]
[EndTime "13:42:44 PDT"]
[Termination "Sanan_Sjugirov won by resignation"]

1. e4 c6 2. d4 d5 3. Nc3 dxe4 4. Nxe4 Bf5 5. Ng3 Bg6 6. Nf3 e6 7. Bd3 Bxd3 8. Qxd3 Nf6 9. O-O Be7 10. Bf4 O-O 11. Rad1 Nbd7 12. c4 Qa5 13. a3 Rfd8 14. Rfe1 Bf8 15.
Qc2 Rac8 16. h3 c5 17. d5 exd5 18. cxd5 Nb6 19. d6 Nbd5 20. Bg5 Bxd6 21. Nf5 Bf8 22.
Ne5 Re8 23. Re2 Qa6 24. Rde1 Nh5 25. Qe4 Qe6 26. Qf3 g6 27. Nh6+ Bxh6 28. Bxh6 Qf6 29. Qxd5 g5 30. Ng4 1-0

[Event "*** Titled Tuesday Blitz"]
[Site "Chess.com"]
[Date "2018.09.04"]
[Round "1"]
[White "Cryptochess"]
[Black "MikeSailer"]
[Result "1-0"]
[WhiteElo "2498"]
[BlackElo "2088"]
[TimeControl "180+2"]
[EndTime "13:42:50 PDT"]
[Termination "Cryptochess won on time"]

1. e4 d5 2. exd5 Qxd5 3. d4 Nf6 4. Nc3 Qd8 5. Bc4 a6 6. Nf3 e6 7. Ne5 Bd6 8. O-O O-O 9. Bg5 Nbd7 10. f4 Nb6 11.
Bd3 Nbd5 12. Qf3 Be7 13. Qh3 g6 14. Bh6 Nxc3 15. bxc3 Re8 16. Rae1 Bf8 17. Bg5 Be7 18. g4 Rf8 19. Bh6 Nd5 20. Bxf8 Bxf8 21. g5 c5 22. Nxf7 Kxf7 23. Qxh7+ Bg7 24. Qxg6+ Kf8 25. f5 exf5 26. Bxf5 Bxf5 27. Rxf5+ Kg8 28. Qe6+ Kh7 29. Rxd5 Qa5 30. g6+ 1-0

[Event "*** Titled Tuesday Blitz"]
[Site "Chess.com"]
[Date "2018.09.04"]
[Round "1"]
[White "MFBerna"]
[Black "Drags95"]
[Result "0-1"]
[WhiteElo "2335"]
[BlackElo "2676"]
[TimeControl "180+2"]
[EndTime "13:42:53 PDT"]
[Termination "Drags95 won on time"]

1. e4 e5 2. Nf3 Nc6 3. Bb5 a6 4. Ba4 Nf6 5. O-O Be7 6. Re1 b5 7.
Bb3 O-O 8. c3 d5 9. exd5 Nxd5 10. Nxe5 Nxe5 11. Rxe5 c6 12. d4 Bd6 13. Re1 Qh4 14. g3 Qh3 15. Be3 Bg4 16. Qd3 Rae8 17.
Nd2 f5 18. Qf1 Qh5 19. f4 Kh8 20. Bxd5 cxd5 21. Bf2 g5 22. fxg5 f4 23. Rxe8 Rxe8 24. Re1 Rf8 25. Qg2 Qxg5 26. h4 Qf5 27. gxf4 Bh3 28. Qf3 Rg8+ 29. Kh1 Bxf4 30. Be3 Bg2+ 31. Qxg2 Rxg2 32. Kxg2 Qg4+ 33. Kf1 Qh3+ 34. Kf2 Qg3+ 0-1

[Event "*** Titled Tuesday Blitz"]
[Site "Chess.com"]
[Date "2018.09.04"]
[Round "1"]
[White "rasmussvane"]
[Black "staz_staz"]
[Result "1-0"]
[WhiteElo "2687"]
[BlackElo "2339"]
[TimeControl "180+2"]
[EndTime "13:42:54 PDT"]
[Termination "rasmussvane won by resignation"]

1. d4 Nf6 2. c4 c5 3. d5 a6 4. Nc3 b5 5. cxb5 axb5 6. Nxb5 Ba6 7. Nc3 d6 8. e4 Bxf1 9. Kxf1 g6 10. Nf3 Bg7 11. g3 O-O 12. Kg2 Nbd7 13. a4 Qa5 14. Bd2 Qa6 15. Qc2 Ng4 16. Nb5 Rfc8 17.
Bg5 f6 18. Bf4 Nge5 19. Nxe5 dxe5 20. Be3 c4 21. Rhd1 h5 22. d6 e6 23. Nc7 Qc6 24.
Nxa8 Qxa8 25. Kg1 f5 26. a5 Qa6 27. Qa4 Rd8 28. Bb6 Nxb6 29. Qc6 Qa8 30. Qxb6 fxe4 31. d7 e3 32. Qxe3 e4 33. Rd2 Kh7 34. Rad1 Qxa5 35.
Qxe4 Qb6 36. Qxc4 e5 37. Rd6 Qxb2 38. Qe4 Kg8 39. Qxg6 e4 40. Re6 Rf8 41. Rf1 e3 42. Rxe3 Qd4 43. Re7 Kh8 44. Qxh5+ Kg8 45. Qg5 Qf6 46.
Rxg7+ 1-0

[Event "*** Titled Tuesday Blitz"]
[Site "Chess.com"]
[Date "2018.09.04"]
[Round "1"]
[White "Po6Don"]
[Black "Hamisandwich"]
[Result "1-0"]
[WhiteElo "2100"]
[BlackElo "2482"]
[TimeControl "180+2"]
[EndTime "13:43:00 PDT"]
[Termination "Po6Don won by resignation"]

1. e4 d6 2. d4 Nf6 3. Nc3 e5 4. Nf3 Nbd7 5. Rg1 g6 6. g4 c6 7. g5 Nh5 8. Be3 b5 9. Qd2 Qc7 10. O-O-O Bg7 11. dxe5 dxe5 12. Bxb5 cxb5 13. Nxb5 Qc6 14.
Nd6+ Kf8 15. Qb4 Kg8 16. Rd3 Bf8 17. Rgd1 Rb8 18. Qd2 Ng7 19. Nxc8 Rxc8 20. Rc3 Qa6 21. Rxc8 Qxc8 22. Qxd7 Qb8 23. Qd8 Qxd8 24. Rxd8 Ne6 25. Ra8 Kg7 26. Nxe5 Bd6 27. Rxh8 Bxe5 28. Ra8 Bxh2 29.
c4 Bd6 30. Kc2 1-0

[Event "*** Titled Tuesday Blitz"]
[Site "Chess.com"]
[Date "2018.09.04"]
[Round "1"]
[White "chito89"]
[Black "VeraNebolsina"]
[Result "1/2-1/2"]
[WhiteElo "2716"]
[BlackElo "2393"]
[TimeControl "180+2"]
[EndTime "13:43:07 PDT"]
[Termination "Game drawn by repetition"]

1. e4 c5 2. Nf3 d6 3. Bb5+ Bd7 4. c4 g6 5. Nc3 Bg7 6. O-O Nc6 7. Bxc6 Bxc6 8. d4 cxd4 9. Nxd4 Nf6 10. Re1 O-O 11. b3 Qa5 12. Bb2 Rfd8 13. Nd5 Bxd5 14. exd5 Re8 15. a3 Qc7 16. Rc1 Qd7 17. h3 a6 18. Qd2 Rac8 19. a4 h5 20. Re2 Kh7 21. Rce1 Bh6 22. Qd3 Ng8 23. Qf3 Rf8 24. Re4 e5 25. dxe6 fxe6 26. Qd3 e5 27. Nf3 Rcd8 28.
Rd1 Nf6 29. Re2 e4 30. Rxe4 Nxe4 31. Qxe4 Rde8 32. Qd3 Bf4 33. Ba3 Qf5 34. Qf1 Qf6 35. Qd3 Qf5 36. Qf1 Qf6 37. Qd3 Qf5 38. Qf1 Qf6 39.
Qd3 Qf5 1/2-1/2

[Event "*** Titled Tuesday Blitz"]
[Site "Chess.com"]
[Date "2018.09.04"]
[Round "1"]
[White "JammyDodger91"]
[Black "Arm-Akiba"]
[Result "0-1"]
[WhiteElo "2403"]
[BlackElo "2757"]
[TimeControl "180+2"]
[EndTime "13:43:10 PDT"]
[Termination "Arm-Akiba won by resignation"]

1. e4 e5 2. Nf3 Nc6 3. Bb5 a6 4. Ba4 Nf6 5. O-O Be7 6. Re1 b5 7. Bb3 O-O 8. h3 Bb7 9. d3 d5 10. exd5 Nxd5 11. Nbd2 Na5 12. Nxe5 Nxb3 13. axb3 c5 14.
Ndf3 f6 15. Ng4 Qd7 16. d4 Rad8 17. c4 Nb6 18. Be3 h5 19. Ngh2 bxc4 20. dxc5 Nd5 21. b4 Nxb4 22. Qxd7 Rxd7 23. Ra4 Nd3 24. Rd1 Nxc5 25.
Rxd7 Nxd7 26. Rxc4 Rc8 27. Rxc8+ Bxc8 28. Bd4 Bb7 29.
Nd2 Kf7 30. Nhf3 Nc5 31. Kf1 Nd3 32. g3 Ke6 33. Ke2 Nb4 34. Bc3 Nd5 35. Bd4 Bc6 36. b3 Bb5+ 37. Nc4 Nb4 38. Nd2 Kd5 39. Bc3 Nc6 40. Kf3 Nd4+ 41. Bxd4 Kxd4 42. Ne3 Bb4 43. Ndc4 Kc3 44. Nb6 Kxb3 0-1

[Event "*** Titled Tuesday Blitz"]
[Site "Chess.com"]
[Date "2018.09.04"]
[Round "1"]
[White "michaelk123"]
[Black "Ksenia_Legenko"]
[Result "1-0"]
[WhiteElo "2486"]
[BlackElo "2053"]
[TimeControl "180+2"]
[EndTime "13:43:10 PDT"]
[Termination "michaelk123 won by resignation"]

1. c4 e6 2. g3 d5 3. Bg2 Nf6 4. Nf3 Be7 5. O-O O-O 6. b3 c5 7. cxd5 exd5 8. d4 Nc6 9. Bb2 Bg4 10. Ne5 Bf5 11. dxc5 Bxc5 12. Nd2 Re8 13. Nxc6 bxc6 14.
Rc1 Qb6 15. Nf3 Bg4 16. Ne5 Bh5 17. Qc2 Bd6 18. Nxc6 Rxe2 19. Qb1 Rae8 20. Bd4 Qa6 21. a4 Ba3 22. Rc3 Ne4 23. Qd3 Qb7 24. Rc2 Rxc2 25. Qxc2 Bg6 26. Na5 Qa6 27. Qc6 Qxc6 28. Nxc6 Nd2 29.
Ra1 Bd6 30. Bxd5 a6 31. b4 h6 32. b5 axb5 33. axb5 Be4 34. Bxe4 Rxe4 35. Kg2 Re8 36. b6 Nc4 37. b7 Bb8 38. Nxb8 Rxb8 39. Ra8 1-0

[Event "*** Titled Tuesday Blitz"]
[Site "Chess.com"]
[Date "2018.09.04"]
[Round "1"]
[White "narutosmith"]
[Black "LawrenceTrent"]
[Result "0-1"]
[WhiteElo "2200"]
[BlackElo "2541"]
[TimeControl "180+2"]
[EndTime "13:43:12 PDT"]
[Termination "LawrenceTrent won by resignation"]

1. e4 e5 2. Nf3 Nc6 3. Bb5 a6 4.
Ba4 Nf6 5. d3 d6 6. c4 g6 7. Nc3 Bg7 8. h3 O-O 9. Be3 h6 10. O-O Nh5 11. d4 exd4 12. Nxd4 Nxd4 13. Bxd4 Nf4 14. Bxg7 Kxg7 15. Nd5 Qg5 16. Qd4+ f6 17.
Nxf4 Qxf4 18. Rfe1 Be6 19. Rad1 Qe5 20. a3 Rfd8 21.
Bc2 Kf7 22. b3 a5 23. Rd2 Qxd4 24. Rxd4 g5 25. Kh2 Ra6 26. c5 Ke7 27. Red1 Rd7 28. cxd6+ Raxd6 29. Rxd6 Rxd6 30. Rxd6 Kxd6 31. Kg3 Ke5 32.
Kf3 Kd4 33. Kg3 Kc3 34. Bd1 Bxb3 35. Bxb3 Kxb3 36. f4 gxf4+ 37. Kxf4 c5 38. Kf5 c4 39. Kxf6 c3 40. e5 c2 41. e6 c1=Q 42. e7 Qf4+ 43.
Ke6 Qe4+ 44. Kd7 Qd5+ 45. Kc8 Qe6+ 46. Kd8 Qd6+ 47. Ke8 Kxa3 48. Kf7 Qd7 49. g4 b5 50.
h4 b4 51. g5 hxg5 52. hxg5 Qf5+ 53. Kg8 Qxg5+ 54. Kf8 Qxe7+ 55. Kxe7 b3 0-1

[Event "*** Titled Tuesday Blitz"]
[Site "Chess.com"]
[Date "2018.09.04"]
[Round "1"]
[White "MITerryble"]
[Black "dimke2802"]
[Result "1-0"]
[WhiteElo "2771"]
[BlackElo "2413"]
[TimeControl "180+2"]
[EndTime "13:43:13 PDT"]
[Termination "MITerryble won by checkmate"]

1. e4 c5 2. Nf3 d6 3. Bb5+ Bd7 4. Bxd7+ Qxd7 5. O-O Nf6 6. Re1 Nc6 7. c3 e6 8. d4 cxd4 9. cxd4 d5 10. e5 Ne4 11.
a3 Be7 12. Qd3 O-O 13. Nbd2 Nxd2 14. Bxd2 f6 15. exf6 Rxf6 16. Re2 Bd6 17. Rae1 h6 18. b4 a6 19. Nh4 Qf7 20. g3 Re8 21. f4 Qc7 22.
Nf3 Qd7 23. Kg2 Ne7 24. Nh4 Nc6 25. Bc3 Rc8 26. Bb2 Ne7 27. Re3 Bb8 28. R1e2 Rc4 29. Qd1 Nc6 30. Qe1 Kf7 31. Nf3 Ba7 32. Rd3 Kg8 33. Qd1 b5 34. Rde3 Bb8 35. Qd3 Nd8 36.
Qd1 Rf7 37. Qb1 Qc6 38. Nh4 Rc7 39. Ng6 Rd7 40. Qd3 Bc7 41. f5 exf5 42. Qxf5 Rf7 43.
Re8+ Kh7 44. Rh8# 1-0

[Event "*** Titled Tuesday Blitz"]
[Site "Chess.com"]
[Date "2018.09.04"]
[Round "1"]
[White "Bryakin_Mikhail"]
[Black "tsakos2731"]
[Result "0-1"]
[WhiteElo "2522"]
[BlackElo "2483"]
[TimeControl "180+2"]
[EndTime "13:43:13 PDT"]
[Termination "tsakos2731 won by checkmate"]

1. d4 d5 2. Nf3 e6 3. c4 a6 4. g3 dxc4 5. Bg2 b5 6. Ne5 c6 7. b3 cxb3 8. axb3 Bb7 9. O-O Nf6 10. Bb2 Be7 11. Nc3 O-O 12. e3 Nd5 13.
Nd3 Nd7 14. Ne4 a5 15. Nec5 Nxc5 16. Nxc5 Bxc5 17. dxc5 f6 18. Qg4 Qe7 19. Rac1 a4 20. bxa4 Rxa4 21. Qh5 Rd8 22. Rfd1 Ra2 23. Ba1 e5 24. e4 Nb4 25. Bf1 Rxd1 26. Rxd1 Nc2 27.
Bc3 Nd4 28. Bxd4 exd4 29. Rxd4 Ra1 30. Kg2 Bc8 31. Bd3 g6 32. Qh6 Ra4 33. Rd6 Rxe4 34. Bxe4 Qxe4+ 35. Kg1 Qb1+ 36. Kg2 Qe4+ 37. Kg1 Qb1+ 38.
Kg2 Qe4+ 39. Kf1 Qh1+ 40. Ke2 Bg4+ 41. Kd2 Qd1+ 42. Kc3 Qa1+ 43. Kd3 Qb1+ 44. Kd2 Qb2+ 45. Kd3 Bf5+ 46. Ke3 Qc1+ 47. Rd2 Qe1+ 48. Kd4 Qe5# 0-1

[Event "*** Titled Tuesday Blitz"]
[Site "Chess.com"]
[Date "2018.09.04"]
[Round "1"]
[White "MaxLeto"]
[Black "Arash_Tahbaz"]
[Result "0-1"]
[WhiteElo "2370"]
[BlackElo "2719"]
[TimeControl "180+2"]
[EndTime "13:43:24 PDT"]
[Termination "Arash_Tahbaz won by resignation"]

1. d4 Nf6 2. Bf4 g6 3. e3 Bg7 4.
h3 O-O 5. Nf3 d6 6. Be2 Nbd7 7.
O-O b6 8. c4 Bb7 9. Nc3 Ne4 10.
Nxe4 Bxe4 11. Nd2 Bb7 12. Bh2 c5 13. Nf3 Nf6 14. d5 b5 15. Rc1 Qb6 16. b3 b4 17.
Bd3 e5 18. dxe6 fxe6 19. Ng5 Rae8 20. Qc2 Qc6 21. Nf3 Nd7 22. Be2 Ne5 23. Bxe5 Bxe5 24. Rcd1 Bg7 25. Rd2 Bc3 26. Rd3 Qc7 27. Nd2 e5 28. e4 Bd4 29. Bg4 Rf4 30. Rf3 Ref8 31. g3 Rxf3 32. Bxf3 Kg7 33. Kg2 Qe7 34. h4 Qf6 35.
Bg4 h5 36. Bh3 g5 37. hxg5 Qxg5 38. Nf3 Qg6 39. Re1 a5 40. Re2 Bc6 41. Nh4 Rxf2+ 42.
Rxf2 Bxe4+ 43. Rf3 Bxf3+ 0-1

[Event "*** Titled Tuesday Blitz"]
[Site "Chess.com"]
[Date "2018.09.04"]
[Round "1"]
[White "Vamostodorecto"]
[Black "platy3"]
[Result "0-1"]
[WhiteElo "2402"]
[BlackElo "2752"]
[TimeControl "180+2"]
[EndTime "13:43:25 PDT"]
[Termination "platy3 won by resignation"]

1. d4 Nf6 2. c4 g6 3. Nc3 Bg7 4. e4 d6 5. Be2 O-O 6. Nf3 e5 7. O-O Nc6 8. d5 Ne7 9. Ne1 Nd7 10. Be3 f5 11. f3 f4 12. Bf2 g5 13. Rc1 Rf6 14. c5 Nxc5 15. b4 Na6 16. Nb5 Rh6 17.
Kh1 c6 18. dxc6 bxc6 19. Nxa7 Bb7 20. b5 cxb5 21. Nxb5 d5 22. Qb3 Rb8 23. a4 Kh8 24. exd5 Bxd5 25. Bc4 Nc7 26. Bxd5 Nxb5 27. axb5 Qxd5 28.
Qxd5 Nxd5 29. Nd3 Re6 30. Ba7 Rd8 31. Nc5 Re7 32. b6 e4 33. fxe4 Ne3 34. b7 Nxf1 35. Rxf1 Be5 36. Rb1 Bb8 37. Bb6 Rd6 38. h3 Kg8 39.
Na6 Rxb7 40. Nxb8 Rxb8 0-1

[Event "*** Titled Tuesday Blitz"]
[Site "Chess.com"]
[Date "2018.09.04"]
[Round "1"]
[White "Jbd735"]
[Black "gmjlh"]
[Result "0-1"]
[WhiteElo "2356"]
[BlackElo "2708"]
[TimeControl "180+2"]
[EndTime "13:43:26 PDT"]
[Termination "gmjlh won on time"]

1. e4 c6 2. d4 d5 3. Nc3 dxe4 4.
Nxe4 Nf6 5. Nxf6+ exf6 6. c3 Bd6 7. Bd3 O-O 8. Qc2 Re8+ 9. Ne2 h5 10. Be3 Nd7 11.
O-O-O Nf8 12. h3 h4 13. Rdg1 Be6 14. Kb1 b5 15. g3 Bd5 16. gxh4 Ng6 17. h5 Nh4 18.
Bh6 Bg2 19. Bxg7 Kxg7 20. Be4 Kh8 21. Bxg2 Rc8 22. Be4 c5 23. Rg4 f5 24. Bxf5 Rc7 25. Rhg1 Qf6 26. Bd3 cxd4 27. Bh7 Rcc8 28. Nxd4 b4 29. Bd3 bxc3 30. bxc3 Rc5 31. Bh7 Rb8+ 32. Ka1 Rcc8 33. Be4 Be5 34. Qd2 Rxc3 0-1

[Event "*** Titled Tuesday Blitz"]
[Site "Chess.com"]
[Date "2018.09.04"]
[Round "1"]
[White "QuintilianoR"]
[Black "OglazaOskar2005"]
[Result "0-1"]
[WhiteElo "2596"]
[BlackElo "2301"]
[TimeControl "180+2"]
[EndTime "13:43:28 PDT"]
[Termination "OglazaOskar2005 won by resignation"]

1. Nf3 Nf6 2. b3 g6 3. Bb2 Bg7 4. d4 O-O 5. e3 d5 6. Nbd2 b6 7. c4 dxc4 8. Nxc4 Bb7 9. Be2 Nbd7 10. O-O c5 11. Qe1 Qc7 12. Rc1 Rac8 13. Qd2 Qb8 14.
Rfd1 Rfd8 15. Qe1 Qa8 16. Qf1 cxd4 17. Nxd4 Nc5 18. f3 Nd5 19. e4 Nf4 20. g3 Nxe2+ 21. Qxe2 Ba6 22. Ba1 e5 23. Nc2 Bxc4 24. bxc4 Ne6 25.
Ne3 Nd4 26. Bxd4 Rxd4 27. Nd5 Rc5 28. Rxd4 exd4 29. Qd2 Qe8 30. Kg2 Qa4 31. Qf4 Qxa2+ 32. Kh3 Qa4 33. Qb8+ Bf8 34. Nf6+ Kg7 35. Ne8+ Kg8 36.
Nf6+ Kg7 37. Nd5 Qd7+ 38. Kg2 Bd6 39. Qg8+ Kxg8 40. Nf6+ Kg7 41. Nxd7 Rc7 42. Nb8 b5 43. Rd1 Rxc4 44. Nd7 b4 45. e5 Bc7 46. f4 a5 0-1

[Event "*** Titled Tuesday Blitz"]
[Site "Chess.com"]
[Date "2018.09.04"]
[Round "1"]
[White "ramses135"]
[Black "LordIron"]
[Result "0-1"]
[WhiteElo "2525"]
[BlackElo "2235"]
[TimeControl "180+2"]
[EndTime "13:43:28 PDT"]
[Termination "LordIron won by checkmate"]

1. e4 c5 2. Nf3 d6 3. d4 cxd4 4.
Nxd4 Nf6 5. Nc3 a6 6. Be2 e5 7.
Nb3 h5 8. O-O Be7 9. Bg5 Be6 10.
Bxf6 Bxf6 11. Bxh5 Nc6 12. Bg4 Qd7 13. Bxe6 Qxe6 14.
Nd5 O-O-O 15. Qf3 Bg5 16. Rad1 Rh4 17. h3 g6 18. Qg3 f6 19. Rfe1 Rdh8 20. Rd3 R8h5 21.
c3 f5 22. exf5 gxf5 23. f4 Bd8 24. fxe5 Nxe5 25. Nf4 Rxf4 26. Qxf4 Nxd3 27. Rxe6 Nxf4 28. Rxd6 Rg5 29. Rd2 Nxh3+ 30. Kh2 Nf4 31. Nd4 Bc7 32. Kg1 Bb6 33. Kf1 Bxd4 34. cxd4 Kd7 35. Rf2 Nd5 36.
Ke2 f4 37. Kd3 Rg3+ 38. Kc4 Kd6 39. Re2 b5# 0-1

[Event "*** Titled Tuesday Blitz"]
[Site "Chess.com"]
[Date "2018.09.04"]
[Round "1"]
[White "Shant_Sargsyan"]
[Black "tony15051987"]
[Result "1-0"]
[WhiteElo "2860"]
[BlackElo "2448"]
[TimeControl "180+2"]
[EndTime "13:43:29 PDT"]
[Termination "Shant_Sargsyan won on time"]

1. e4 c5 2. Nf3 e6 3. d4 cxd4 4. Nxd4 Nc6 5. Nc3 Qc7 6. g3 a6 7. Bg2 Nge7 8. O-O Nxd4 9. Qxd4 Nc6 10. Qd3 Be7 11. Bf4 d6 12. Rad1 Ne5 13. Qe2 O-O 14.
a4 b6 15. Rd4 Bb7 16. Rfd1 Rfd8 17. h4 Rac8 18. Bg5 Bxg5 19. hxg5 Nc4 20. e5 Bxg2 21. Kxg2 d5 22. Rh4 Nxe5 23. Rdh1 Ng6 24. Rxh7 Kf8 25. Qf3 Qe5 26. Ne2 Qe4 27. c3 Qxf3+ 28. Kxf3 e5 29. Rd1 Ke7 30. Rxg7 Ke6 31. Re1 Ke7 32. Nf4 Nxf4 33. gxf4 e4+ 34. Kg4 Rg8 35. Rh7 Rc4 36.
Rd1 Rc5 37. Rh6 Rg6 38. f5 Rxh6 39. gxh6 Kf6 40. Kf4 1-0

[Event "*** Titled Tuesday Blitz"]
[Site "Chess.com"]
[Date "2018.09.04"]
[Round "1"]
[White "HanSchut"]
[Black "xberli"]
[Result "1-0"]
[WhiteElo "2228"]
[BlackElo "2547"]
[TimeControl "180+2"]
[EndTime "13:43:31 PDT"]
[Termination "HanSchut won by resignation"]

1. e4 c5 2. Nf3 d6 3. d4 cxd4 4. Nxd4 Nf6 5. f3 a6 6. c4 g6 7. Be3 Bg7 8. Qd2 O-O 9. Nc3 Nc6 10. Rc1 Bd7 11. Be2 Rc8 12. O-O Re8 13. Rfd1 Qa5 14.
Rc2 Ne5 15. b3 h5 16. Rb1 Nc6 17. Nxc6 bxc6 18. c5 dxc5 19. Na4 Qxd2 20. Rxd2 Ra8 21. Nb6 Rad8 22. Bxa6 Be6 23. Rbd1 Rb8 24. Bxc5 Bh6 25.
Rd3 h4 26. Bc4 Bxc4 27. Nxc4 Bf4 28. Be3 Bc7 29. a4 h3 30. g3 Ra8 31. Ra1 Reb8 32.
a5 Ra6 33. Bb6 Bxb6+ 34. Nxb6 Rbxb6 35. Rd8+ Kg7 36. axb6 Rxb6 37. Rb1 Rb4 38. Rd3 Ne8 39. Rc3 Nd6 40. Rxc6 Nb5 41. Rc4 Rxc4 42. bxc4 Nc3 43. Rb7 Kf6 44. c5 Ke5 45. Rxe7+ Kd4 46. Rxf7 Ke3 47. c6 Ke2 48. c7 Ke1 49. c8=Q Ne2+ 50. Kh1 Kf2 51. Qc5+ Kf1 52. Ra7 1-0

[Event "*** Titled Tuesday Blitz"]
[Site "Chess.com"]
[Date "2018.09.04"]
[Round "1"]
[White "AkibaRubi"]
[Black "BigAl"]
[Result "1-0"]
[WhiteElo "2495"]
[BlackElo "2064"]
[TimeControl "180+2"]
[EndTime "13:43:31 PDT"]
[Termination "AkibaRubi won by resignation"]

1. Nf3 Nf6 2. b3 g6 3. Bb2 Bg7 4. d4 O-O 5. g3 d6 6. Bg2 Nbd7 7. O-O e5 8. dxe5 Ng4 9. c4 Ngxe5 10. Nc3 a5 11. Qd2 Nc5 12. Nxe5 Bxe5 13. Nd5 c6 14. Ne3 Qf6 15. Bxe5 dxe5 16. Rfd1 h5 17. Qc3 Re8 18. Rd2 Be6 19. Rad1 Qg7 20. Qb2 h4 21. Qa3 Qf8 22.
Rd6 Nd7 23. Qb2 hxg3 24. hxg3 Qe7 25. c5 Rad8 26. Qc3 a4 27. bxa4 Bxa2 28. Ng4 Be6 29. Nxe5 Nxe5 30. Qxe5 Ra8 31. R1d4 Bb3 32. Qxe7 Rxe7 33.
Rd8+ Rxd8 34. Rxd8+ Kg7 35. a5 Rxe2 36. Rd7 Re1+ 37.
Kh2 Re2 38. Rxb7 Bc4 39. Rb4 Bd3 40. Bxc6 Rxf2+ 41. Kg1 Rc2 42. Bb5 Be4 43. Rxe4 Rxc5 44. Rb4 Rc7 45. a6 Ra7 46. Rc4 1-0

[Event "*** Titled Tuesday Blitz"]
[Site "Chess.com"]
[Date "2018.09.04"]
[Round "1"]
[White "2165149677570"]
[Black "SmoothAsAHedgehog"]
[Result "1-0"]
[WhiteElo "2279"]
[BlackElo "2587"]
[TimeControl "180+2"]
[EndTime "13:43:33 PDT"]
[Termination "2165149677570 won by resignation"]

1. e4 e5 2. Nf3 Nc6 3. Bc4 Bc5 4. O-O Nf6 5. d4 Bxd4 6. Nxd4 Nxd4 7. Bg5 h6 8. Bh4 Ne6 9. Bxe6 dxe6 10. Qxd8+ Kxd8 11. f4 Ke8 12. Nc3 Bd7 13. fxe5 Ng4 14. Bg3 Ne3 15.
Rf2 Nc4 16. b3 Na5 17. Rd1 Nc6 18. Nb5 Rc8 19. Rfd2 a6 20. Rxd7 axb5 21. R7d3 Rd8 22. Bh4 Rxd3 23. Rxd3 g5 24. Bg3 Ke7 25. Bf2 Nxe5 26.
Bc5+ Kf6 27. Bd4 g4 28. Rd1 Rd8 29. Rf1+ Kg6 30. Bxe5 Rd2 31. Rf6+ Kg5 32. Bf4+ Kxf6 33. Bxd2 h5 34. Kf2 Ke5 35. Ke3 Kf6 36. a4 bxa4 37.
bxa4 e5 38. c4 Ke6 39. Bb4 c6 40. Bc5 Kf6 41. g3 Ke6 42. Kd3 Kf6 43. Kc3 Ke6 44.
Kb4 f5 45. exf5+ Kxf5 46. Ka5 Ke4 47. Kb6 Kd3 48. Kxb7 Kxc4 49. Kxc6 1-0

[Event "*** Titled Tuesday Blitz"]
[Site "Chess.com"]
[Date "2018.09.04"]
[Round "1"]
[White "dreamist"]
[Black "Godzillator"]
[Result "1-0"]
[WhiteElo "2646"]
[BlackElo "2306"]
[TimeControl "180+2"]
[EndTime "13:43:41 PDT"]
[Termination "dreamist won by resignation"]

1. e4 c6 2. d4 d5 3. Nc3 dxe4 4. Nxe4 Bf5 5. Ng3 Bg6 6. h4 h6 7. Nf3 e6 8. Ne5 Bh7 9. Qh5 Qc7 10. Bd3 Nf6 11. Qe2 Bxd3 12. Nxd3 Bd6 13. Ne4 Nxe4 14. Qxe4 Nd7 15. Qg4 Kf8 16. Qf3 e5 17. dxe5 Nxe5 18.
Nxe5 Bxe5 19. O-O g6 20. h5 Kg7 21. c3 Rae8 22. Be3 Bf6 23. a4 Qa5 24. Rfd1 Re7 25. Rd6 Be5 26. Rd3 a6 27. b4 Qc7 28. Rad1 Rhe8 29. Bc5 Re6 30. g3 Rf6 31. Qg4 Qc8 32.
Rd7 Bxc3 33. hxg6 Rxg6 34. Qc4 Re1+ 35. Rxe1 Qxd7 36. Qxc3+ Kh7 37. Re7 Qd5 38. Qd4 Qf5 39. Qe4 Qh3 40. Rxf7+ 1-0

[Event "*** Titled Tuesday Blitz"]
[Site "Chess.com"]
[Date "2018.09.04"]
[Round "1"]
[White "RU_B9"]
[Black "SARGISMV"]
[Result "0-1"]
[WhiteElo "1994"]
[BlackElo "2475"]
[TimeControl "180+2"]
[EndTime "13:43:45 PDT"]
[Termination "SARGISMV won by resignation"]

1. c4 c5 2. Nf3 Nc6 3. d4 cxd4 4. Nxd4 Nf6 5. Nc3 g6 6. e4 Bg7 7. Be3 O-O 8. Be2 d6 9. O-O Bd7 10. Nc2 Rc8 11. Qd2 Ng4 12. Bxg4 Bxg4 13. f3 Be6 14. Nd5 Bxb2 15. Rab1 Bg7 16. Rxb7 Re8 17. Nd4 Nxd4 18. Bxd4 Rxc4 19. Bxg7 Kxg7 20. Rxa7 Bxd5 21. exd5 Qb6+ 22. Qf2 Qxf2+ 23. Kxf2 Kf6 24. Re1 Rc5 25. Rd1 Rb8 26.
Kg3 Rb2 27. Re1 Rxd5 28. Rexe7 Rg5+ 29. Kh3 Rgxg2 30. Rxf7+ Ke5 31. Ra5+ d5 32. Re7+ Kd6 33. Rea7 Rxh2+ 34. Kg3 g5 35. Kg4 Ke5 36. Re7+ Kd4 37. Kxg5 Rxa2 38. Rb5 Raf2 39. Rd7 Rxf3 40. Rdxd5+ Ke3 41.
Re5+ Kf2 42. Rb2+ Kg3 43. Rxh2 Kxh2 44. Kh6 Rf7 45. Rg5 Kh3 46. Rg7 Rxg7 47. Kxg7 h5 48. Kg6 Kg4 0-1

[Event "*** Titled Tuesday Blitz"]
[Site "Chess.com"]
[Date "2018.09.04"]
[Round "1"]
[White "NikolaGry"]
[Black "BvsN"]
[Result "1-0"]
[WhiteElo "2584"]
[BlackElo "2225"]
[TimeControl "180+2"]
[EndTime "13:43:47 PDT"]
[Termination "NikolaGry won by checkmate"]

1. e4 c5 2. Nf3 e6 3. Nc3 a6 4. d4 cxd4 5. Nxd4 b5 6. Bd3 Bc5 7. Nb3 Be7 8. Qg4 Nf6 9. Qxg7 Rg8 10. Qh6 Nc6 11. Qh3 Bb7 12. a3 Ne5 13. Bf4 Qc7 14. O-O Rg4 15. Bg3 O-O-O 16. Rae1 Rdg8 17. Kh1 R4g5 18. Qh4 Rh5 19. Qf4 Rg4 20. Qe3 d6 21.
f4 Nxd3 22. Qxd3 Kb8 23. e5 Nd5 24. Ne4 dxe5 25. fxe5 Rg6 26. Rxf7 Rgh6 27. Nbc5 Qb6 28. b4 Bxc5 29. Nxc5 Bc6 30. Rb7+ Bxb7 31. Nd7+ Ka7 32. Nxb6 Nxb6 33. Qd4 Rg6 34. Kg1 Rf5 35. a4 bxa4 36. c4 h5 37. c5 Rg4 38. cxb6+ Kb8 39.
Qd8+ Bc8 40. Qc7+ Ka8 41. Qxc8# 1-0

[Event "*** Titled Tuesday Blitz"]
[Site "Chess.com"]
[Date "2018.09.04"]
[Round "1"]
[White "ViIIagra"]
[Black "Yurovskykh_Oleksandr"]
[Result "0-1"]
[WhiteElo "2791"]
[BlackElo "2431"]
[TimeControl "180+2"]
[EndTime "13:43:51 PDT"]
[Termination "Yurovskykh_Oleksandr won by resignation"]

1. e4 c5 2. Nf3 g6 3. d4 cxd4 4. Nxd4 Bg7 5. c4 Nc6 6. Be3 Nf6 7. Nc3 d6 8. Be2 O-O 9. O-O Bd7 10. f3 Nxd4 11.
Bxd4 Bc6 12. b4 Ne8 13. Bxg7 Nxg7 14. Qd4 Ne6 15. Qf2 Qb6 16. Rfb1 Qxf2+ 17. Kxf2 Rfc8 18.
Ke3 b6 19. a4 a5 20. Nd5 Bxd5 21. cxd5 Nd8 22. bxa5 bxa5 23. Rb5 Rc7 24. Rab1 Kg7 25. Bd3 Raa7 26. Rb8 Nb7 27. Bb5 Rc3+ 28. Kf2 Nc5 29. Ra1 h5 30. h4 Rc2+ 31. Kg3 Rb2 32. Rc8 Rb4 33. Ra3 Kf6 34. Rf8 Rc7 35. Be8 e5 36. dxe6 Nxe6 37. Rg8 Rc2 38. Bd7 Rbb2 39. Bxe6 Rxg2+ 40. Kf4 fxe6 41. Rf8+ Ke7 42. Ra8 Rbe2 0-1